 Dungeon Crawl Stone Soup version 0.30-a0-297-g0ec75d9ef4 (webtiles) character file.

Game seed: 5960433280014446799

16059 Iusername the Blocker (level 12, -6/113 HPs)
             Began as a Minotaur Fighter on Oct 19, 2022.
             Mangled by a death yak (21 damage)
             ... on level 2 of the Lair of Beasts.
             The game lasted 00:13:37 (11562 turns).

Iusername the Blocker (Minotaur Fighter)           Turns: 11562, Time: 00:13:37

Health: -6/113     AC: 13    Str: 34    XL:     12   Next: 6%
Magic:  11/11      EV: 14    Int:  9    God:
Gold:   858        SH:  6    Dex:  9    Spells: 11/11 levels left

rFire   . . .      SeeInvis .    a - +5 war axe (vorpal)
rCold   + . .      Faith    .    c - +0 buckler
rNeg    . . .      Spirit   .    b - +0 scale mail
rPois   .          Reflect  .    (helmet restricted)
rElec   .          Harm     .    G - +0 cloak of Quiet Fog {Drain rCorr Int+4}
rCorr   +          Rampage  .    (no gloves)
Will    .....                    v - +1 pair of boots "Gaileg" {Will- Str+7}
Stlth   ..........               (no amulet)
HPRegen 0.38/turn                m - +4 ring of evasion
MPRegen 0.12/turn                (no ring)

@: no status effects
A: horns 2, retaliatory headbutt, hooves 1, cold resistance 1
a: no special abilities


You were on level 2 of the Lair of Beasts.
You visited 2 branches of the dungeon, and saw 13 of its levels.

You collected 1008 gold pieces.
You spent 150 gold pieces at shops.

Inventory:

Hand Weapons
 a - a +5 vorpal war axe (weapon)
Missiles
 E - 3 silver boomerangs (quivered)
Armour
 b - a +0 scale mail (worn)
 c - a +0 buckler (worn)
 r - a +2 cloak
 v - the +1 pair of boots "Gaileg" (worn) {Will- Str+7}
   (You acquired it on level 6 of the Dungeon)

   Str:       It affects your strength (+7).
   Will:      It decreases your willpower.
 G - the +0 cloak of Quiet Fog (worn) {Drain rCorr Int+4}
   (You found it on level 1 of the Lair of Beasts)

   Int:       It affects your intelligence (+4).
   rCorr:     It protects you from acid and corrosion.
   Drain:     It drains your maximum health when unequipped.
Jewellery
 m - a +4 ring of evasion (left hand)
 u - an amulet of regeneration
 y - a ring of protection from fire
 C - a +4 ring of protection
 D - an amulet of reflection
 H - a ring of willpower
 Q - an amulet of guardian spirit
Wands
 d - a wand of quicksilver (13)
 t - a wand of polymorph (3)
 z - a wand of digging (2)
 I - a wand of mindburst (17)
 J - a wand of charming (8)
 M - a wand of iceblast (1)
 O - a wand of flame (11)
Scrolls
 e - 3 scrolls of amnesia
 g - 2 scrolls of fear
 k - a scroll of butterflies
 l - 6 scrolls of teleportation
 n - 4 scrolls of immolation
 o - 3 scrolls of enchant armour
 p - a scroll of vulnerability
 x - a scroll of magic mapping
 K - a scroll of noise
 N - 2 scrolls of poison {unknown}
Potions
 f - 2 potions of cancellation
 h - 3 potions of brilliance
 i - a potion of lignification
 j - a potion of flight
 q - a potion of heal wounds
 s - 3 potions of curing
 w - 2 potions of attraction
 B - 3 potions of invisibility
 F - a potion of degeneration


   Skills:
 + Level 12.3 Fighting
 + Level 12.1 Axes
 + Level 12.3 Armour
 + Level 12.4 Shields


You had 11 spell levels left.
You didn't know any spells.
Your spell library contained the following spells:

 Spells                   Type           Power      Damage    Failure   Level
 Cigotuvi's Dreadful Rot  Necr/Pois/Air  0%         N/A       75%         2
 Poisonous Vapours        Pois/Air       0%         N/A       75%         2
 Mephitic Cloud           Conj/Pois/Air  0%         N/A       93%         3
 Airstrike                Air            0%         2d(0-16)  100%        4
 Summon Lightning Spire   Summ/Air       0%         N/A       100%        4
 Lightning Bolt           Conj/Air       0%         1d11      100%        5
 Yara's Violent Unravell  Hex/Tmut       0%         3d3       100%        5
 Enfeeble                 Hex            0%         N/A       100%        7


Dungeon Overview and Level Annotations

Branches:
Dungeon (10/15)            Temple (0/1) D:7            Lair (3/5) D:9
  Swamp: Lair:2-3    Shoals: Lair:2-3     Snake: Lair:2-3    Spider: Lair:2-3
    Orc: D:9-12

Altars:
Kikubaaqudgha
Nemelex Xobeh

Shops:
D:3 [   D:5 *:**

Annotations:
D:5 2 transporters, tonyyikes's ghost, novice AtFi


Innate Abilities, Weirdness & Mutations

You have a pair of horns on your head.
You reflexively headbutt those who attack you in melee.
You have large cloven feet.
Your flesh is cold resistant. (rC+)


Message History

The death yak gores you but does no damage.
The death yak misses you. The death yak barely misses you.
You slice the death yak!!
The death yak is almost dead.
You hit the death yak. You hit the death yak but do no damage.
The death yak gores you! The death yak closely misses you.
The death yak gores you.
You slash the death yak!
You kill the death yak!
You hit the death yak but do no damage. You slash the death yak!
The death yak gores you! x2
* * * LOW HITPOINT WARNING * * *
Unknown command.
You feel much better. The death yak gores you!
* * * LOW HITPOINT WARNING * * *
You block the death yak's attack.
You feel much better. The death yak barely misses you. You furiously retaliate!
You headbutt the death yak.
The death yak gores you but does no damage.
You slice the death yak!!
The death yak is heavily wounded.
You slash the death yak! You hit the death yak.
Your headbutt misses the death yak.
The death yak is heavily wounded.
You barely miss the death yak.
The death yak gores you but does no damage.
The death yak gores you!
You hit the death yak.
The death yak is heavily wounded.
You completely miss the death yak. The death yak gores you! x2
* * * LOW HITPOINT WARNING * * *
You hit the death yak but do no damage.
The death yak is heavily wounded.
You slash the death yak! You block the death yak's attack.
The death yak gores you!
* * * LOW HITPOINT WARNING * * *
You feel much better. The death yak gores you!
* * * LOW HITPOINT WARNING * * *
The death yak gores you!!
You die...

.#.##....#
.....................
..........[.........
#...................
#...................
##.........####....##
#..........# #.....# ...
##...Y.....####.....# #..
###...@Y.....#.##......
###..##P.#..†.......#........
.............................
.............................
............##...#........†..
#.........#######....##..##.
##.........# #..####..###
#..........## #..# #..#
##.........P# #..# #...


You could see 2 death yaks.

Vanquished Creatures
  Gastronok (D:9)
  A hydra (Lair:1)
  A two-headed ogre (D:9)
  A death yak (Lair:2)
  An elephant (D:9)
  4 cane toads
  A rime drake (Lair:2)
  3 kobold demonologists (D:10)
  A komodo dragon (Lair:2)
  3 trolls
  A polar bear (Lair:1)
  Grinder (D:4)
  3 blink frogs (Lair:1)
  4 wyverns
  6 yaks (D:9)
  3 vampire mosquitoes (D:10)
  7 steam dragons
  4 basilisks
  An acid dragon (D:10)
  5 water moccasins
  A black bear (Lair:2)
  2 sky beasts (D:7)
  4 ice beasts
  7 orc warriors
  12 wolves (Lair:2)
  An ogre (D:6)
  6 centaurs
  2 kobold brigands
  7 bullfrogs
  A necrophage (D:6)
  A scorpion (D:4)
  4 killer bees (D:9)
  7 howler monkeys
  4 hounds
  3 orc priests
  5 iguanas
  12 orc wizards
  6 adders
  4 gnolls (D:3)
  3 white imps
  3 worms
  57 orcs
  3 bats
  7 endoplasms
  3 giant cockroaches
  8 goblins
  8 hobgoblins
  9 jackals (D:1)
  10 kobolds
  5 quokkas
  3 ball pythons
  7 frilled lizards
  5 rats
272 creatures vanquished.

Vanquished Creatures (others)
  A human (D:8)
  15 fungi
  26 plants
42 creatures vanquished.

Grand Total: 314 creatures vanquished

Notes
Turn   | Place    | Note
-------+----------+-------------------------------------------
     0 | D:1      | Iusername the Minotaur Fighter began the quest for the Orb.
     0 | D:1      | Reached XP level 1. HP: 19/19 MP: 0/0
    79 | D:1      | Reached XP level 2. HP: 25/27 MP: 1/1
   408 | D:1      | Reached XP level 3. HP: 26/33 MP: 2/2
  1003 | D:2      | You fall into a shaft and drop 2 floors!
  1006 | D:4      | Noticed a scorpion
  1010 | D:4      | Killed a scorpion
  1011 | D:4      | Reached XP level 4. HP: 41/41 MP: 3/3
  1012 | D:4      | Noticed Grinder
  1035 | D:4      | Killed Grinder
  1036 | D:4      | Reached skill level 5 in Fighting
  1036 | D:4      | Reached skill level 5 in Armour
  1036 | D:4      | Reached skill level 5 in Shields
  1036 | D:4      | Reached XP level 5. HP: 18/48 MP: 4/4
  1036 | D:4      | Reached XP level 6. HP: 21/56 MP: 5/5
  2311 | D:3      | Found Galiteq's Antique Armour Shoppe.
  3377 | D:5      | Entered Level 5 of the Dungeon
  3377 | D:5      | Found Hajoqab's Book Emporium.
  3377 | D:5      | Found Wurous's Assorted Antiques.
  3394 | D:5      | Found a transporter.
  3401 | D:5      | Found a transporter.
  3420 | D:5      | Identified the +7 spear of Incongruity {pain, Stlth+}
  3420 | D:5      | Identified the +4 ring mail "Siaklus" {rElec Regen+ MP-9
                  | Stlth+}
  3429 | D:5      | Noticed an ice beast
  3438 | D:5      | Killed an ice beast
  3439 | D:5      | Reached skill level 5 in Axes
  3439 | D:5      | Reached XP level 7. HP: 33/62 MP: 6/6
  3467 | D:5      | Found Gahots's Assorted Antiques.
  3543 | D:5      | Bought a scroll of enchant weapon for 150 gold pieces
  3588 | D:5      | Identified the +3 whip of False Accusations {drain, Dex+2}
  3612 | D:5      | Noticed tonyyikes's ghost (novice AtFi)
  3672 | D:5      | Noticed a steam dragon
  3680 | D:5      | Killed a steam dragon
  3835 | D:5      | Found Jenie's General Store.
  4014 | D:6      | Noticed a steam dragon
  4023 | D:6      | Killed a steam dragon
  4024 | D:6      | Reached XP level 8. HP: 24/71 MP: 7/7
  4785 | D:6      | Identified a scroll of acquirement
  4785 | D:6      | Acquired the +1 pair of boots "Gaileg" {Will- Str+7}
  4824 | D:7      | Found a staircase to the Ecumenical Temple.
  5019 | D:7      | Reached XP level 9. HP: 81/81 MP: 8/8
  6042 | D:8      | Found an ancient bone altar of Kikubaaqudgha.
  7035 | D:9      | Noticed Gastronok
  7047 | D:9      | Killed Gastronok
  7048 | D:9      | Reached XP level 10. HP: 72/93 MP: 9/9
  7211 | D:9      | Noticed an elephant
  7214 | D:9      | Noticed a two-headed ogre
  7223 | D:9      | Reached skill level 10 in Armour
  7223 | D:9      | Reached skill level 10 in Shields
  7224 | D:9      | Reached skill level 10 in Fighting
  7233 | D:9      | Killed an elephant
  7234 | D:9      | Reached skill level 10 in Axes
  7235 | D:9      | Killed a two-headed ogre
  7811 | D:9      | Found a staircase to the Lair.
  8211 | D:9      | Reached XP level 11. HP: 84/101 MP: 10/10
  8597 | D:10     | Entered Level 10 of the Dungeon
  8768 | D:10     | Found a sparkling altar of Nemelex Xobeh.
  9645 | Lair:1   | Entered Level 1 of the Lair of Beasts
  9677 | Lair:1   | Identified the +10 trident "Oxkuteor" {vorpal, +Blink Str+3
                  | Stlth-}
  9794 | Lair:1   | Identified the +0 cloak of Quiet Fog {Drain rCorr Int+4}
 10397 | Lair:1   | Noticed a four-headed hydra
 10404 | Lair:1   | Killed a seven-headed hydra
 11193 | Lair:2   | Reached XP level 12. HP: 85/112 MP: 11/11
 11300 | Lair:2   | Noticed a death yak
 11300 | Lair:2   | Noticed a death yak
 11301 | Lair:2   | Noticed a death yak
 11304 | Lair:2   | Gained mutation: You have large cloven feet. [potion of
                  | mutation]
 11304 | Lair:2   | Gained mutation: Your flesh is cold resistant. (rC+)
                  | [potion of mutation]
 11555 | Lair:2   | Killed a death yak
 11562 | Lair:2   | Mangled by a death yak

Illustrated notes

Levels and vault maps discovered:
D:1:      minmay_arrival_solitary_statue, layout_basic, minmay_misc_feat_cross
D:2:      layout_loops_ring, nrook_mini_vaults, minmay_tetromino_i4
D:3:      layout_basic, serial_shops, nicolae_shop_advertising_works
          [nicolae_subvault_shop_adworks]
D:4:      layout_loops_ring, hangedman_abyss_or_decor_jellyfish_corner,
          uniq_grinder
D:5:      layout_basic, serial_shops, shop, nicolae_stop_n_shop_1, shop,
          shop_statue, gammafunk_ghost_gnarly_gnolls, minmay_misc_feat_tiny
D:6:      layout_basic, dreamdust_mushroom_princess
D:7:      layout_basic, minmay_temple_entry_overgrown
D:8:      minmay_goldmine, layout_loops_ring, tgw_kikubaaqudgha,
          minmay_fractal_squares_gapless_5
D:9:      layout_roguey [special_room_orc], david_lair_generic,
          grunt_ministairs_10, reono_crystal_passage, uniq_gastronok
D:10:     layout_irregular_city, mainiacjoe_overflow_concentric_impassable
Lair:1:   layout_cave_pods, grunt_megastairs_2
Lair:2:   layout_small_grid, st_stairs_11, lemuel_fruit_tree,
          infiniplex_staircase_pool_2
Lair:3:   layout_cave_pods, minmay_shoals_entry_lonely_mermaid,
          minmay_snake_entry_guardpost_medium, lemuel_oklob_altar

Skill      XL: |  1  2  3  4  5  6  7  8  9 10 11 |
---------------+----------------------------------+-----
Armour         | 4 5 6 7 9 10 12 | 12.3
Fighting       | 4 5 6 7 9 10 12 | 12.3
Shields        | 4 5 6 7 9 10 12 | 12.4
Axes           | 3 4 5 6 7 9 10 12 | 12.1

Action                   |  1- 3 |  4- 6 |  7- 9 | 10-12 || total
-------------------------+-------+-------+-------+-------++-------
Melee: War axe           |    85 |    98 |   200 |   238 ||   621
       Headbutt          |     6 |    16 |    46 |    47 ||   115
Throw: Boomerang         |       |       |     5 |       ||     5
  Use: Potion            |     1 |     1 |     4 |    13 ||    19
       Scroll            |       |     8 |     8 |    11 ||    27
Armor: Scale mail        |    44 |    36 |    97 |    94 ||   271
Dodge: Dodged            |    37 |    36 |   110 |   141 ||   324
Block: Buckler           |    19 |    23 |    58 |    82 ||   182

Table legend: (Time is in decaauts)
 A = Elapsed time spent in this place.
 B = Non-inter-level travel time spent in this place.
 C = Inter-level travel time spent in this place.
 D = Time resting spent in this place.
 E = Time spent auto-exploring this place.
 F = Levels seen in this place.
 G = Mean time per level.
                   A        B        C        D        E       F      G
               +--------+--------+--------+--------+--------+-----+--------+
         Total |  11619 |  11283 |    336 |   1892 |   7853 |  13 |  893.8 |
       Dungeon |   9707 |   9397 |    310 |   1680 |   6447 |  10 |  970.7 |
          Lair |   1912 |   1887 |     25 |    212 |   1406 |   3 |  637.3 |
               +--------+--------+--------+--------+--------+-----+--------+

Top non-repeatable levels by time:
     D:9: 1674 daAuts
  Lair:1: 1209 daAuts
     D:7: 1106 daAuts
     D:8: 1038 daAuts
     D:4: 1001 daAuts
    D:10: 1000 daAuts
     D:1: 910 daAuts
     D:3: 853 daAuts
     D:6: 845 daAuts
     D:2: 670 daAuts
     D:5: 605 daAuts
  Lair:2: 467 daAuts
  Lair:3: 235 daAuts
